 Dungeon Crawl Stone Soup version 0.30.0-20-g3615ddf2f0 (webtiles) character file.

Game seed: 11897798833024386738

648 qw the Chopper (level 7, -3/43 HPs)
             Began as a Gargoyle Fighter on May 31, 2023.
             Slain by a water moccasin (4 damage)
             ... on level 5 of the Dungeon.
             The game lasted 00:02:04 (3668 turns).

qw the Chopper (Gargoyle Fighter)                   Turns: 3668, Time: 00:02:04

Health: -3/43      AC: 14    Str: 21    XL:     7   Next: 53%
Magic:  7/7        EV:  9    Int:  9    God:
Gold:   221        SH:  4    Dex:  9    Spells: 6/6 levels left

rFire   . . .        Y - +0 war axe
rCold   . . .        c - +0 buckler
rNeg    + + .        b - +0 scale mail
rPois   inf          o - +0 helmet
rElec   +            (no cloak)
rCorr   .            t - +1 pair of gloves
SInv    +            (no boots)
Will    .....        (no amulet) Stlth
                     p - ring of positive energy
HPRegen 0.27/turn    a - ring of see invisible
MPRegen 0.10/turn

%: no passive effects
@: no status effects
A: sickness immunity, AC +4, negative energy resistance 1, electricity
resistance, torment resistance 1, petrification resistance
a: no special abilities


You were on level 5 of the Dungeon.
You visited 1 branch of the dungeon, and saw 5 of its levels.

You collected 221 gold pieces.


Innate Abilities, Weirdness & Mutations

You are immune to sickness and miasma.
Your stone body is resilient. (AC +4)
You are immune to poison.
You resist negative energy. (rN+)
You are resistant to electric shocks. (rElec)
You are resistant to unholy torment.
You are immune to petrification.


   Skills:
 + Level 4.0 Fighting
 - Level 7.0 Axes
 - Level 3.2 Armour
 - Level 1.0 Dodging
 - Level 3.2 Shields


You had 6 spell levels left.
You didn't know any spells.
Your spell library was empty.

Inventory:

Hand Weapons
 f - a +0 whip
 Y - a +0 war axe (weapon)
Armour
 b - a +0 scale mail (worn)
 c - a +0 buckler (worn)
 o - a +0 helmet (worn)
 t - a +1 pair of gloves (worn)
Jewellery
 a - a ring of see invisible (right hand)
 p - a ring of positive energy (left hand)
Scrolls
 l - a scroll of identify
Potions
 d - a potion of might
 e - 2 potions of resistance {unknown}
 g - a potion of mutation {unknown}
 h - a potion of lignification {unknown}
 i - a potion of curing
 j - a potion of attraction {unknown}
 k - a potion of invisibility {unknown}
 m - a potion of heal wounds {unknown}
 n - a potion of brilliance {unknown}
 q - a potion of ambrosia {unknown}

Dungeon Overview and Level Annotations

Branches:
Dungeon (5/15)
 Temple: D:4-7

Altars:
Fedhas
Gozag
Xom


Message History

The water moccasin bites you but does no damage.
You closely miss the orc priest. You barely miss the water moccasin.
You block the water moccasin's attack.
The orc priest hits you but does no damage.
The water moccasin bites you but does no damage.
You barely miss the orc priest. You closely miss the water moccasin.
The orc priest hits you with a +0 flail.
The water moccasin bites you but does no damage.
You closely miss the orc priest. You closely miss the water moccasin.
The water moccasin bites you but does no damage.
The orc priest closely misses you. The water moccasin bites you.
You hit the orc priest but do no damage.
You closely miss the water moccasin. The orc priest closely misses you.
The water moccasin closely misses you. You block the orc priest's attack.
The water moccasin misses you.
You slash the orc priest!
The orc priest is almost dead.
You barely miss the water moccasin.
The water moccasin bites you but does no damage.
You block the orc priest's attack.
You closely miss the orc priest.
The orc priest is almost dead.
You closely miss the water moccasin.
The water moccasin completely misses you.
The orc priest mumbles some strange prayers to Beogh against you.
Beogh smites you! The water moccasin bites you.
You closely miss the orc priest.
The orc priest is almost dead.
You closely miss the water moccasin. You block the water moccasin's attack.
The orc priest closely misses you.
The water moccasin bites you but does no damage.
You hit the orc priest.
You kill the orc priest!
You slash the water moccasin! The water moccasin bites you.
Your Axes skill increases to level 7!
You slash the water moccasin!
The water moccasin is almost dead.
The water moccasin bites you.
You die...

#.## ...#
#..# #..#
#..#
##.####..#
......)S.#
#@# #.#
#.# #.#
#.# #.#
#.# #.#
#.#


You could see a water moccasin.

Vanquished Creatures
  2 phantoms (D:4)
  2 scorpions
  3 orc priests
  An iguana (D:3)
  2 orc wizards (D:5)
  Robin (D:2)
  3 gnolls (D:3)
  9 adders
  4 dart slugs
  8 orcs
  8 endoplasms
  3 giant cockroaches
  17 goblins
  7 hobgoblins
  6 jackals
  A quokka (D:4)
  6 ball pythons
  7 bats
  2 frilled lizards
  7 kobolds
  5 rats
104 creatures vanquished.

Notes
Turn   | Place    | Note
-------+----------+-------------------------------------------
     0 | D:1      | qw the Gargoyle Fighter began the quest for the Orb.
     0 | D:1      | Reached XP level 1. HP: 14/14 MP: 1/1
     0 | D:1      | 0 ||| qw: Version: 0.2-a-102-gfc559e5
     0 | D:1      | 0 ||| qw: Game counter: 506
     0 | D:1      | 0 ||| qw: Always use a shield: true
     0 | D:1      | 0 ||| qw: God list: Okawaru
     0 | D:1      | 0 ||| qw: Allow faded altars: false
     0 | D:1      | 0 ||| qw: Do Orc after D:15 true
     0 | D:1      | 0 ||| qw: Do second Lair branch before Depths: true
     0 | D:1      | 0 ||| qw: Lair rune preference: random
     0 | D:1      | 0 ||| qw: Plans: Normal, Zot:1-4, Slime:5, God:TSO, Crypt,
                  | Tomb, Pan, Hells, Abyss, Win
     0 | D:1      | 0 ||| PLANNING D:1-11
    27 | D:1      | Reached skill level 2 in Axes
    29 | D:1      | 29 ||| FLEEEEING.
    30 | D:1      | 30 ||| FLEEEEING.
    31 | D:1      | 31 ||| FLEEEEING.
    32 | D:1      | 32 ||| FLEEEEING.
    33 | D:1      | 33 ||| FLEEEEING.
    40 | D:1      | Reached XP level 2. HP: 18/19 MP: 2/2
    57 | D:1      | 57 ||| Stepping ~*~*~tactically~*~*~ (hiding).
    71 | D:1      | 71 ||| FLEEEEING.
    72 | D:1      | 72 ||| FLEEEEING.
    73 | D:1      | 73 ||| FLEEEEING.
    74 | D:1      | 74 ||| FLEEEEING.
    75 | D:1      | 75 ||| FLEEEEING.
    76 | D:1      | 76 ||| FLEEEEING.
    77 | D:1      | 77 ||| FLEEEEING.
    78 | D:1      | 78 ||| FLEEEEING.
    79 | D:1      | 79 ||| FLEEEEING.
    80 | D:1      | 80 ||| FLEEEEING.
    81 | D:1      | 81 ||| FLEEEEING.
   193 | D:1      | 193 ||| Stepping ~*~*~tactically~*~*~ (hiding).
   194 | D:1      | 194 ||| Stepping ~*~*~tactically~*~*~ (hiding).
   195 | D:1      | 195 ||| Stepping ~*~*~tactically~*~*~ (hiding).
   196 | D:1      | 196 ||| Stepping ~*~*~tactically~*~*~ (hiding).
   224 | D:1      | Reached skill level 3 in Axes
   293 | D:1      | Reached XP level 3. HP: 15/23 MP: 3/3
   330 | D:1      | 330 ||| Stepping ~*~*~tactically~*~*~ (stealth).
   442 | D:1      | Found a faded altar of an unknown god.
   639 | D:1      | 639 ||| READING scroll labelled SYTSASTRINUF.
   704 | D:2      | 704 ||| Stepping ~*~*~tactically~*~*~ (stealth).
  1049 | D:2      | Noticed Robin
  1072 | D:2      | Killed Robin
  1073 | D:2      | Reached XP level 4. HP: 15/28 MP: 4/4
  1211 | D:2      | Reached skill level 4 in Axes
  1456 | D:2      | 1456 ||| UPGRADING to +0 helmet.
  1461 | D:2      | 1461 ||| DROPPING +1 ring mail of poison resistance.
  1462 | D:2      | 1462 ||| UPGRADING to ring of positive energy.
  1463 | D:2      | 1463 ||| READING scroll labelled COP TEOXAOMYI.
  1464 | D:2      | 1464 ||| DRINKING 2 fuming amethyst potions.
  1465 | D:2      | 1465 ||| DRINKING 2 bubbling inky potions.
  1466 | D:2      | 1466 ||| DROPPING potion of flight.
  1467 | D:2      | 1467 ||| DROPPING potion of degeneration.
  1485 | D:3      | 1485 ||| Stepping ~*~*~tactically~*~*~ (stealth).
  1522 | D:3      | 1522 ||| Stepping ~*~*~tactically~*~*~ (stealth).
  1539 | D:3      | 1539 ||| DROPPING +0 club.
  1603 | D:3      | Found a shimmering altar of Xom.
  1676 | D:3      | 1676 ||| Stepping ~*~*~tactically~*~*~ (hiding).
  1677 | D:3      | 1677 ||| Stepping ~*~*~tactically~*~*~ (hiding).
  1710 | D:3      | 1710 ||| Stepping ~*~*~tactically~*~*~ (stealth).
  1725 | D:3      | 1725 ||| Stepping ~*~*~tactically~*~*~ (stealth).
  1739 | D:3      | Reached XP level 5. HP: 12/32 MP: 5/5
  1868 | D:3      | Found a blossoming altar of Fedhas.
  1868 | D:3      | Found an opulent altar of Gozag.
  1877 | D:3      | Reached skill level 5 in Axes
  1882 | D:3      | Identified the +2 falchion of Oqysys {spect, rElec Str+4
                  | Int+3}
  1922 | D:3      | 1922 ||| Stepping ~*~*~tactically~*~*~ (hiding).
  2082 | D:3      | 2082 ||| Stepping ~*~*~tactically~*~*~ (hiding).
  2083 | D:3      | 2083 ||| Stepping ~*~*~tactically~*~*~ (hiding).
  2093 | D:3      | Reached XP level 6. HP: 37/38 MP: 6/6
  2109 | D:3      | 2109 ||| Stepping ~*~*~tactically~*~*~ (stealth).
  2110 | D:3      | 2110 ||| Stepping ~*~*~tactically~*~*~ (stealth).
  2279 | D:3      | 2279 ||| UPGRADING to +1 pair of gloves.
  2284 | D:3      | 2284 ||| READING scroll labelled XEL YNYECLIVVE.
  2385 | D:3      | 2385 ||| READING scroll labelled FOATIT AWNE.
  2386 | D:3      | 2386 ||| READING scroll labelled HELON DIEJASEL.
  2387 | D:3      | 2387 ||| READING scroll labelled ZAFFAOT LE ISE.
  2388 | D:3      | 2388 ||| READING scroll labelled OPLI WITESEOTO.
  2389 | D:3      | 2389 ||| READING scroll labelled GIAB ICOOGH.
  2390 | D:3      | 2390 ||| READING scroll labelled TYVOSTR ERCHUSIA.
  2391 | D:3      | 2391 ||| DRINKING 2 fizzy inky potions.
  2496 | D:3      | 2496 ||| DROPPING potion of berserk rage.
  2519 | D:4      | 2519 ||| PLANNING SEWER
  2678 | D:4      | 2678 ||| Stepping ~*~*~tactically~*~*~ (stealth).
  2821 | D:4      | Reached skill level 6 in Axes
  2872 | D:4      | 2872 ||| Stepping ~*~*~tactically~*~*~ (stealth).
  3194 | D:4      | Reached skill level 1 in Dodging
  3302 | D:4      | 3302 ||| RIP SEWER
  3304 | D:4      | 3304 ||| PLANNING D:1-11
  3410 | D:4      | Reached XP level 7. HP: 43/43 MP: 7/7
  3451 | D:4      | 3451 ||| UPGRADING to ring of see invisible.
  3452 | D:4      | 3452 ||| READING scroll labelled MOURI OGHYSK.
  3453 | D:4      | 3453 ||| DRINKING 2 blue potions.
  3487 | D:5      | Entered Level 5 of the Dungeon
  3665 | D:5      | HP: 4/43 [orc priest/divine providence (15)]
  3667 | D:5      | HP: 1/43 [water moccasin (2)]
  3668 | D:5      | Reached skill level 7 in Axes
  3668 | D:5      | Slain by a water moccasin

Levels and vault maps discovered:
D:1:      saegor_arrival_simple_e, layout_rooms,
          chequers_ecumenical_altar_lobes, minmay_cupped
D:2:      layout_basic, uniq_robin
D:3:      layout_rooms, jmf_multi_god_temple, mainiacjoe_overflow_alcove_4,
          patterned_corridor
D:4:      layout_loops_corners, portal_sewer_entry_d
D:5:      layout_basic, nicolae_hepliaklqana_monster_ancestors, zin_scriptorium

Skill      XL: |  1  2  3  4  5  6  7 |
---------------+----------------------+-----
Axes           | 2 3 4 5 6 7 |  7.0
Fighting       | 4 |  4.0
Dodging        | 1 |  1.0
Armour         | |  3.2
Shields        | |  3.2

Action                     |  1- 3 |  4- 6 |  7- 9 || total
---------------------------+-------+-------+-------++-------
  Melee: War axe           |   108 |   191 |    59 ||   358
    Use: Scroll            |     1 |     8 |     1 ||    10
         Potion            |       |     3 |     1 ||     4
 Armour: Scale mail        |    59 |    96 |    40 ||   195
  Dodge: Dodged            |    41 |    72 |    37 ||   150
  Block: Buckler           |    21 |    41 |     6 ||    68

Table legend:
 A = Non-vault XP
 B = Vault XP
 C = Vault XP percentage of total XP
 D = Non-vault monster count
 E = Vault monster count
 F = Vault count percentage of total count
                 A         B        C        D         E       F
            +---------+---------+-------+---------+---------+-------
      Total |     869 |      57 |   6.2 |      88 |      16 |  15.4
            +---------+---------+-------+---------+---------+-------
        D:1 |      39 |       3 |   7.1 |      21 |       2 |   8.7
        D:2 |      23 |      35 |  60.3 |      14 |      11 |  44.0
        D:3 |     253 |       6 |   2.3 |      30 |       2 |   6.2
        D:4 |     356 |      13 |   3.5 |      17 |       1 |   5.6
        D:5 |     198 |       0 |   0.0 |       6 |       0 |   0.0
            +---------+---------+-------+---------+---------+-------
